 Dungeon Crawl Stone Soup version 0.28.0-53-g5a82cb258f (webtiles) character file.

Game seed: 16945288597450049926

44 Acheron the Sneak (level 3, -10/25 HPs)
             Began as an Octopode Brigand on Aug 10, 2022.
             Mangled by a steam dragon (11 damage)
             ... on level 4 of the Dungeon.
             The game lasted 00:08:47 (1871 turns).

Acheron the Sneak (Octopode Brigand)                Turns: 1871, Time: 00:08:47

Health: -10/25     AC:  1    Str: 10    XL:     3   Next: 60%
Magic:  3/3        EV: 13    Int: 13    God:
Gold:   79         SH:  5    Dex: 15    Spells: 2/2 levels left

rFire   . . .      SeeInvis .   a - +2 dagger
rCold   . . .      Faith    .   (no shield)
rNeg    . . .      Spirit   .   (helmet restricted)
rPois   .          Reflect  +   e - amulet of reflection
rElec   .          Harm     .   (no ring)
rCorr   .          Rampage  .   (no ring)
Will    .....                   (no ring)
Stlth   ++++......              (no ring)
HPRegen 0.08/turn               (no ring)
MPRegen 0.08/turn               (no ring)
                                (no ring)
                                (no ring)

@: no status effects
A: almost no armour, amphibious, 8 rings, camouflage 1, gelatinous body 1,
(nimble swimmer 1), tentacles
a: no special abilities


You were on level 4 of the Dungeon.
You visited 1 branch of the dungeon, and saw 5 of its levels.

You collected 79 gold pieces.

Inventory:

Hand Weapons
 a - a +2 dagger (weapon)
 o - a +0 trident
Missiles
 b - 8 poisoned darts (quivered)
 c - 2 curare-tipped darts
 g - a throwing net
Jewellery
 e - an amulet of reflection (around mantle)
Wands
 i - a wand of mindburst (5)
Scrolls
 f - 2 scrolls of holy word
 h - a scroll of fear
 l - a scroll of immolation
Potions
 d - a potion of ambrosia {unknown}
 m - a potion of curing {unknown}
 p - a potion of lignification {unknown}


   Skills:
 * Level 2.4 Fighting
 * Level 2.1 Short Blades
 * Level 2.2 Throwing
 * Level 1.1 Dodging
 * Level 6.3 Stealth
 + Level 0.2 Shields


You had 2 spell levels left.
You didn't know any spells.
Your spell library was empty.

Dungeon Overview and Level Annotations

Branches:
Dungeon (5/15)
 Temple: D:4-7

Altars:
Fedhas
Trog

Annotations:
D:3 Ijyb
D:4 exclusion: downstairs
D:5 Eustachio


Innate Abilities, Weirdness & Mutations

You cannot wear most types of armour.
You are amphibious.
You can wear up to eight rings at the same time.
Your skin changes colour to match your surroundings (Stealth+).
Your rubbery body absorbs attacks. (AC +1, EV +1)
((You are camouflaged when in or above water. (Stealth+)))
You have tentacles for arms and can constrict up to eight enemies at once.


Message History

Found a spear.
Found a stone staircase leading down.
Found a dagger.
Found a bloodstained altar of Trog.
A giant cockroach comes into view.
The helpless giant cockroach fails to defend itself.
You impale the giant cockroach!!
You kill the giant cockroach!
You drop a scroll of vulnerability.
Found 3 poisoned darts.
There is a stone staircase leading down here.
You climb downwards.
There is a stone staircase leading up here.
You climb upwards.
There is a stone staircase leading down here.
There is a stone staircase leading up here.
You climb upwards.
Ijyb shouts!
An adder comes into view.
Ijyb zaps a wand.
The puff of flame hits you!
There is a stone staircase leading down here.
Ijyb zaps a wand.
The puff of flame hits you!
You climb downwards.
Level annotation: exclusion: downstairs
There is a stone staircase leading up here.
You start resting.
HP restored.
You see here a +0 robe.
The helpless steam dragon fails to defend itself.
You impale the steam dragon!!
The steam dragon is almost dead.
The steam dragon breathes steam at you. The ball of steam hits you!!
Ouch! That really hurt!
* * * LOW HITPOINT WARNING * * *
Unknown command.
You hit the steam dragon.
The steam dragon is almost dead.
You are engulfed in a cloud of scalding steam.
* * * LOW HITPOINT WARNING * * *
The steam dragon bites you!
You die...

###.##..........#.#.......# #.##
###.##............#....##### #.##
..................#........# #.##
....###.....<§....#........###...
....# #......§....#............##
....# #.........[######....#####
....# #.......§..# #....# ....#
#.......§§§#### #....# ....#
#........§@§..# #....# ....#
#.>..)...§.D?.# #....# #####
#....(........# #.####
##########....# #.#
##....###.#### #............#
#..########...+ #.## #...>. ..<..


You could see a steam dragon (catching breath).

Vanquished Creatures
  An adder (D:3)
  2 ball pythons (D:1)
  6 endoplasms (D:1)
  2 giant cockroaches (D:4)
  A goblin (D:1)
  A hobgoblin (D:2)
  2 quokkas
  4 bats
  4 frilled lizards
  4 kobolds
  6 rats
33 creatures vanquished.

Vanquished Creatures (others)
  9 toadstools (D:3)
9 creatures vanquished.

Grand Total: 42 creatures vanquished

Notes
Turn   | Place    | Note
-------+----------+-------------------------------------------
     0 | D:1      | Acheron the Octopode Brigand began the quest for the Orb.
     0 | D:1      | Reached XP level 1. HP: 14/14 MP: 1/1
   445 | D:1      | Reached XP level 2. HP: 13/19 MP: 2/2
   886 | D:1      | Reached skill level 6 in Stealth
  1083 | D:1      | Reached XP level 3. HP: 24/24 MP: 3/3
  1166 | D:2      | Found a faded altar of an unknown god.
  1419 | D:3      | Found a blossoming altar of Fedhas.
  1533 | D:3      | You fall into a shaft and drop 1 floor!
  1575 | D:4      | Noticed a lemure
  1578 | D:4      | Noticed a steam dragon
  1623 | D:4      | Found a bloodstained altar of Trog.
  1666 | D:5      | Entered Level 5 of the Dungeon
  1666 | D:5      | Noticed Eustachio
  1681 | D:3      | Noticed Ijyb
  1871 | D:4      | HP: 1/25 [steam dragon] (4)]
  1871 | D:4      | Mangled by a steam dragon

Illustrated notes

Levels and vault maps discovered:
D:1:      ebering_trefoil_3fold, layout_loops_ring
D:2:      layout_rooms, hellmonk_ecumenical_altar_lost_god, uniq_terence,
          uniq_sigmund
D:3:      cheibrodos_fertilizer, layout_basic,
          mainiacjoe_overflow_surrounded_room, minmay_circle_x, uniq_ijyb
D:4:      layout_basic, bloody_trog, jmf_multi_god_temple2, serial_rivers,
          chequers_serial_rivers_micro_e, chequers_serial_rivers_marsh,
          chequers_serial_rivers_micro_d, chequers_serial_rivers_small_a,
          chequers_serial_rivers_room_a, uniq_pikel
D:5:      layout_gridville, minmay_temple_entry_fiery,
          nicolae_shop_firing_range, uniq_eustachio, uniq_edmund

Skill      XL: |  1  2 |
---------------+-------+-----
Stealth        | 6 |  6.3
Fighting       | |  2.4
Short Blades   | |  2.1
Throwing       | |  2.2
Dodging        | |  1.1
Shields        | |  0.2

Action                   || total
-------------------------++-------
Melee: Dagger            ||    55
       Constrict         ||     8
       Tentacles         ||     3
       Punch             ||     2
  Use: Scroll            ||     8
 Stab: Sleeping          ||    18
Armor: Skin              ||     3
Dodge: Dodged            ||    24
Block: Other             ||     4
